Map: Tours du crépuscule

Players

CrazyPhantom

  • Race: Protoss Protoss
  • League: Gold
  • Spawn Location: 1:00

zidar - Winner!

  • Race: Zerg Zerg
  • League: Gold
  • Spawn Location: 7:00

VOD

Have the link to the VOD?

Description

Time

  • Played on: June 29, 2016, 1:20 p.m.
  • Length: 24:51
Show
View Real Time Build Order
Export as new Build Order

CrazyPhantom Protoss 

Build Orders: Oracle Opening 

Get SALT Encoding   

  12  0:02  Probe (Chrono Boost)  
  13  0:18  Probe (Chrono Boost), Pylon  
  14  0:29  Probe (Chrono Boost)  
  15  0:39  Gateway  
  15  0:42  Pylon  
  15  0:54  Probe (Chrono Boost)  
  16  0:57  Assimilator  
  16  1:02  Pylon  
  16  1:11  Probe (Chrono Boost)  
  16  1:15  Assimilator  
  17  1:22  Probe (Chrono Boost)  
  18  1:28  Cybernetics Core  
  18  1:31  Zealot  
  20  1:55  Probe (Chrono Boost)  
  21  2:05  Probe (Chrono Boost)  
  22  2:14  Nexus  
  22  2:20  Adept  
  24  2:29  Stargate  
  25  2:37  Probe (Chrono Boost)  
  25  2:47  Probe (Chrono Boost)  
  28  2:58  Mothership Core (Chrono Boost)  
  28  3:11  Pylon  
  28  3:22  Oracle (Chrono Boost)  
  28  3:24  Probe (Chrono Boost)  
  32  3:29  Probe  
  32  3:32  Warp Gate  
  33  3:34  Gateway  
  33  3:35  Probe  
  33  3:39  Gateway  
  33  3:41  Probe  
  35  3:53  Probe  
  35  3:55  Probe  
  37  4:04  Probe  
  37  4:07  Probe  
  37  4:09  Phoenix (Chrono Boost)  
  41  4:19  Pylon  
  41  4:22  Gateway  
  42  4:52  Phoenix (Chrono Boost)  
  40  4:56  Probe x2  
  40  4:59  Robotics Facility, Assimilator  
  42  5:06  Probe  
  42  5:08  Probe  
  42  5:10  Twilight Council  
  42  5:12  Forge  
  42  5:14  Forge  
  44  5:25  Probe  
  44  5:26  Probe  
  46  5:29  Pylon  
  46  5:36  Probe  
  46  5:37  Phoenix (Chrono Boost)  
  46  5:38  Probe  
  46  5:41  Stalker x2  
  54  5:45  Stalker  
  56  5:55  Observer  
  57  5:58  Phoenix (Chrono Boost)  
  57  6:00  Probe, Assimilator  
  57  6:01  Probe  
  61  6:07  Pylon  
  61  6:10  Probe  
  61  6:13  Probe  
  63  6:21  Probe  
  63  6:22  Stargate  
  63  6:23  Pylon  
  64  6:25  Probe  
  64  6:27  Phoenix (Chrono Boost)  
  67  6:39  Immortal  
  71  7:06  Probe, Phoenix (Chrono Boost)  
  71  7:07  Probe  
  77  7:09  Phoenix (Chrono Boost)  
  77  7:10  Stalker x2  
  79  8:06  Adept x2  
  83  8:13  Blink  
  83  8:27  Protoss Air Weapons Level 1 (Chrono Boost)  
  83  8:40  Pylon  
  83  8:42  Pylon  
  83  8:54  Nexus  
  83  8:55  Gateway  
  83  8:56  Gateway x2, Pylon  
  83  8:57  Phoenix (Chrono Boost), Pylon  
  83  8:58  Immortal  
  83  8:59  Phoenix (Chrono Boost), Pylon  
  91  9:07  Protoss Ground Weapons Level 1  
  91  9:08  Protoss Shields Level 1  
  91  9:20  Phoenix  
  91  9:23  Phoenix  
  95  9:38  Adept x4  
  103  9:53  Phoenix  
  103  9:54  Phoenix  
  103  9:57  Pylon  
  103  9:58  Probe  
  103  9:59  Probe, Pylon  
  109  10:01  Pylon  
  109  10:03  Adept x5  
  109  10:04  Adept x2  
  123  10:11  Probe  
  124  10:14  Resonating Glaives  
  124  10:25  Phoenix x2  
  124  10:28  Adept x5, Assimilator  
  136  10:29  Adept x2  
  136  10:32  Assimilator  
  142  10:38  Observer  
  143  10:49  Phoenix  
  143  10:50  Phoenix  
  147  11:01  Adept x5  
  147  11:02  Adept x2  
  161  11:12  Immortal  
  165  11:21  Pylon  
  165  11:22  Pylon  
  165  11:24  Pylon  
  165  11:38  Phoenix  
  167  11:42  Adept x2  
  167  11:43  Adept x5  
  181  11:50  Probe  
  182  11:59  Protoss Ground Weapons Level 2 (Chrono Boost)  
  182  12:00  Probe, Protoss Shields Level 2 (Chrono Boost)  
  182  12:07  Protoss Air Armor Level 1 (Chrono Boost)  
  183  12:11  Probe  
  184  12:21  Probe  
  184  12:25  Phoenix  
  184  12:26  Phoenix  
  189  12:34  Pylon  
  189  12:36  Pylon  
  189  13:07  Adept x2  
  189  13:08  Adept x3  
  199  13:24  Pylon  
  199  13:30  Fleet Beacon  
  199  13:59  Protoss Air Weapons Level 2  
  199  14:10  Protoss Ground Armor Level 1 (Chrono Boost)  
  199  14:15  Protoss Ground Weapons Level 3 (Chrono Boost), Nexus  
  199  14:19  Pylon  
  199  14:21  Pylon  
  199  14:23  Pylon  
  199  15:50  Protoss Shields Level 3 (Chrono Boost)  
  125  17:01  Stalker x4  
  125  17:02  Adept x3  
  125  17:03  Protoss Air Armor Level 2  
  135  17:20  Protoss Ground Armor Level 2 (Chrono Boost)  
  135  17:23  Adept  
  135  17:25  Adept  
  135  17:42  Adept x4  
  135  17:43  Adept  
  143  17:51  Phoenix x2  
  147  17:52  Adept x2  
  147  17:56  Mothership Core  
  147  18:03  Adept x5  
  127  18:17  Adept  
  127  18:18  Adept  
  113  18:32  Gateway  
  113  18:34  Gateway  
  113  18:37  Gateway, Adept x3  
  113  18:38  Adept x4  
  127  18:51  Phoenix x2  
  131  18:59  Adept x6  
  131  19:00  Adept  
  145  19:14  Assimilator  
  145  19:18  Assimilator  
  145  19:36  Adept x5  
  145  19:37  Nexus, Adept x2  
  159  19:39  Pylon  
  159  19:41  Pylon  
  159  19:43  Pylon  
  153  19:54  Phoenix x2  
  157  20:07  Adept x4  
  157  20:08  Adept x5  
  175  20:29  Adept x3  
  175  20:30  Adept x4  
  175  20:31  Adept x3  
  195  20:37  Protoss Air Weapons Level 3  
  195  20:59  Protoss Ground Armor Level 3 (Chrono Boost)  
  195  21:15  Assimilator  
  195  21:19  Assimilator  
  175  21:56  Adept x5  
  175  21:57  Adept x4  
  175  21:58  Adept  
  175  22:14  Immortal  
  179  22:17  Stalker x3  
  179  22:18  Stalker x5  
  179  22:19  Stalker x2  
  87  22:45  Adept x4  
  87  22:46  Adept x3  
  87  22:47  Adept x3  
  85  23:08  Mothership Core  
  85  23:10  Stalker x2  
  85  23:11  Stalker x5  
  85  23:12  Stalker x3  
  107  23:28  Nexus  
  107  23:30  Pylon  
  107  23:32  Pylon  
  107  23:44  Stalker x4  
  115  23:51  Stalker  
  115  23:53  Stalker  
  101  24:20  Adept x4  
  101  24:21  Adept x3  
  97  24:35  Adept x2  
  97  24:36  Adept  
Show
View Real Time Build Order
Export as new Build Order

zidar Zerg - Winner!

Build Orders: Pool First 

Get SALT Encoding   

  12  0:01  Drone  
  13  0:12  Overlord  
  13  0:17  Drone  
  14  0:30  Drone x2  
  16  0:42  Spawning Pool  
  16  0:45  Drone  
  16  1:11  Hatchery  
  15  1:12  Drone  
  15  1:16  Extractor  
  15  1:18  Drone  
  16  1:21  Drone  
  17  1:34  Queen  
  18  1:55  Drone x2  
  18  1:58  Overlord  
  20  2:09  Queen  
  22  2:29  Roach Warren, Drone x4  
  25  2:53  Spore Crawler  
  25  2:56  Spore Crawler  
  23  3:03  Drone x6  
  29  3:10  Lair  
  29  3:21  Overlord  
  29  3:34  Extractor  
  28  3:50  Drone x8  
  36  3:59  Pneumatized Carapace  
  36  4:12  Hydralisk Den  
  35  4:17  Evolution Chamber  
  35  4:18  Overseer  
  34  4:25  Evolution Chamber  
  29  4:54  Zerg Missile Weapons Level 1  
  29  4:55  Zerg Ground Armor Level 1  
  29  5:01  Extractor  
  29  5:03  Extractor  
  27  5:19  Drone x9  
  36  5:21  Hatchery  
  36  5:25  Muscular Augments  
  36  5:27  Overlord x2  
  35  5:43  Drone  
  35  5:45  Drone  
  35  5:46  Drone  
  38  6:03  Queen  
  40  6:11  Hydralisk x4  
  48  6:40  Drone x10  
  48  6:45  Lurker Den  
  58  7:01  Overlord x3  
  58  7:05  Zerg Missile Weapons Level 2  
  58  7:18  Overlord  
  58  7:19  Overlord x2  
  58  7:23  Drone x4  
  62  7:32  Glial Reconstitution  
  62  7:42  Hydralisk x4  
  62  7:43  Hydralisk  
  64  8:11  Hydralisk x8  
  64  8:12  Hydralisk  
  82  8:25  Overseer  
  82  8:26  Overlord  
  82  8:27  Overlord x3  
  82  8:36  Zerg Ground Armor Level 2  
  82  8:47  Drone x7, Infestation Pit  
  82  8:48  Drone x2  
  90  9:01  Roach x6  
  102  9:16  Overlord x3  
  102  9:27  Roach x2  
  106  9:46  Hive  
  106  9:48  Hydralisk x8  
  106  9:49  Roach x4  
  106  9:52  Overlord x2  
  130  9:53  Overlord  
  130  9:57  Zerg Melee Weapons Level 1  
  130  10:11  Drone x8  
  138  10:33  Extractor  
  138  10:34  Extractor  
  136  10:36  Drone x2  
  136  10:37  Drone  
  136  10:40  Hydralisk x3  
  145  10:48  Ravager  
  146  11:10  Overlord  
  146  11:11  Overlord x4  
  146  11:19  Hatchery  
  145  11:26  Zerg Missile Weapons Level 3, Queen  
  145  11:27  Hatchery  
  144  11:42  Zergling x2  
  144  11:43  Zergling x22  
  156  11:56  Zerg Ground Armor Level 3  
  156  12:11  Zergling x16  
  156  12:15  Metabolic Boost  
  164  12:24  Drone  
  165  13:04  Hydralisk x9  
  183  13:06  Roach x7  
  197  13:34  Adrenal Glands  
  197  13:45  Zergling x2  
  198  13:48  Overlord  
  198  14:03  Zerg Melee Weapons Level 2  
  181  14:54  Roach x4  
  181  14:55  Roach x5  
  199  15:21  Extractor  
  199  15:25  Extractor  
  199  15:27  Lurker  
  199  15:28  Lurker  
  92  16:55  Hydralisk x20  
  92  16:56  Hydralisk x13  
  130  17:49  Hydralisk x9  
  130  17:50  Hydralisk x6  
  110  18:20  Hydralisk x10  
  114  18:37  Hatchery, Hydralisk x10  
  133  18:50  Hydralisk x4  
  143  19:05  Ultralisk Cavern  
  143  19:09  Zerg Melee Weapons Level 3  
  140  19:21  Extractor  
  140  19:24  Extractor x2  
  125  19:54  Ultralisk  
  125  19:55  Ultralisk x2  
  143  20:16  Chitinous Plating  
  143  20:33  Extractor  
  142  20:45  Ultralisk  
  148  20:57  Hatchery  
  136  22:05  Ultralisk  
  136  22:06  Ultralisk x2  
  64  22:58  Zergling x2  
  64  22:59  Zergling x48  
  64  23:00  Zergling x14  
  96  23:07  Ultralisk  
  96  23:08  Ultralisk  
  108  23:26  Ultralisk  
  114  23:30  Zergling x2  
  114  23:31  Zergling x12  
  121  24:12  Extractor  
  121  24:14  Extractor  
  99  24:23  Zergling x18  
  99  24:24  Zergling x6  
Tags
 
Add a new tag
Caveats
  • Supply blocks, unpowered buildings, or Contaminate may cause inaccurate times.
  • Supply counts are checked every 10 seconds.